 Dungeon Crawl Stone Soup version 0.31.0-12-g77e489cdc1 (webtiles) character file.

Game seed: 13816782926495632178

257277 gohu the Executioner (level 19, -4/191 HPs)
             Began as a Minotaur Fighter on Feb 17, 2024.
             Was the Champion of Okawaru.
             Killed from afar by a crystal guardian (49 damage)
             ... with a crystal bolt
             ... led by a peacekeeper
             ... on level 1 of the Vaults.
             The game lasted 01:32:58 (37970 turns).

gohu the Executioner (Minotaur Fighter)            Turns: 37970, Time: 01:32:59

Health: -4/191     AC: 43    Str: 29    XL:     19   Next: 9%
Magic:  0/23       EV:  7    Int:  5    God:    Okawaru [******]
Gold:   2307       SH: 21    Dex: 21    Spells: 18/18 levels left

rFire   + + .        Z - +6 broad axe (flame)
rCold   . . .        n - +0 tower shield
rNeg    + + .        a - +7 crystal plate armour of Pizimu {Rampage rPois rF+}
rPois   +            l - +2 hat
rElec   .            X - +1 cloak {rF+}
rCorr   +            y - +1 pair of gloves
SInv    +            G - +0 pair of boots {Fly}
Will    +....        Y - amulet "Tosipoa" {Spirit Dex+5} Stlth
                     H - +6 ring of dexterity
HPRegen 0.51/turn    O - ring "Yngitos" {^Drain rPois rN++ rCorr SInv}
MPRegen 0.18/turn

%: guardian spirit, rampage
@: flying
A: horns 2, retaliatory headbutt
}: 2/15 runes: barnacled, gossamer
a: Renounce Religion, Heroism, Finesse, Duel


You were on level 1 of the Vaults.
You worshipped Okawaru.
Okawaru was exalted by your worship.
You visited 7 branches of the dungeon, and saw 33 of its levels.
You also visited: Volcano.

You collected 3438 gold pieces.
You spent 1131 gold pieces at shops.

Inventory:

Hand Weapons
 Z - a +6 broad axe of flaming (weapon)
Missiles
 b - 44 boomerangs (quivered)
 j - 16 javelins
 L - 5 throwing nets
 V - 19 silver javelins
Armour
 a - the +7 crystal plate armour of Pizimu (worn) {Rampage rPois rF+}
   (Okawaru gifted it to you on level 1 of the Lair of Beasts)

   rF+:       It protects you from fire.
   rPois:     It protects you from poison Rampage: It bestows one free step when
   moving towards enemies.
 e - a +1 cloak of preservation
 l - a +2 hat (worn)
 n - a +0 tower shield (worn)
 y - a +1 pair of gloves (worn)
 G - a +0 pair of boots of flying (worn)
 J - the +3 warlock's mirror {omnireflect}
   (You found it on level 10 of the Dungeon)

   Omnireflect: It can block and reflect piercing ranged attacks and magical
   attacks against the wielder's willpower.
 X - a +1 cloak of fire resistance (worn)
Jewellery
 x - a ring of willpower
 H - a +6 ring of dexterity (left hand)
 I - an amulet of reflection
 O - the ring "Yngitos" (right hand) {^Drain rPois rN++ rCorr SInv}
   (You acquired it on level 7 of the Dungeon)

   [ring of see invisible]

   rPois:     It protects you from poison rN++: It greatly protects you from
   negative energy.
   SInv:      It lets you see invisible.
   rCorr:     It protects you from acid and corrosion.
   ^Drain:    It drains your maximum health when unequipped.
 Y - the amulet "Tosipoa" (around neck) {Spirit Dex+5}
   (You took it off a deep elf pyromancer on level 11 of the Dungeon)

   [amulet of guardian spirit]

   Spirit:    It causes incoming damage to be divided between your reserves of
   health and magic.
   Dex+5:     It affects your dexterity (+5).
Wands
 g - a wand of digging (1)
 t - a wand of mindburst (31)
 K - a wand of light (28)
 N - a wand of paralysis (25)
 T - a wand of roots (6)
 U - a wand of flame (37)
Scrolls
 c - 2 scrolls of butterflies
 f - 15 scrolls of teleportation
 h - 8 scrolls of enchant armour
 k - 6 scrolls of immolation
 p - 2 scrolls of brand weapon
 s - 6 scrolls of fog
 w - a scroll of blinking
 D - 7 scrolls of fear
 Q - 6 scrolls of revelation
 R - 11 scrolls of identify
 S - a scroll of silence
Potions
 d - 7 potions of might
 i - 5 potions of invisibility
 m - a potion of cancellation
 q - 8 potions of haste
 r - 2 potions of mutation
 u - 5 potions of magic
 v - 7 potions of resistance
 z - 5 potions of ambrosia
 A - 4 potions of lignification
 B - 3 potions of berserk rage
 C - 2 potions of brilliance
 E - 13 potions of curing
 F - 7 potions of heal wounds
 M - 9 potions of enlightenment
Miscellaneous
 o - a lightning rod (4/4)
 P - a condenser vane
 W - a phantom mirror


   Skills:
 + Level 22.1 Fighting
 + Level 23.7 Axes
 + Level 6.7 Throwing
 + Level 19.6 Armour
 + Level 1.1 Dodging
 + Level 16.1 Shields
 + Level 7.7 Invocations
 + Level 5.0 Evocations


You had 18 spell levels left.
You didn't know any spells.
Your spell library contained the following spells:

 Spells                   Type           Power      Damage    Failure   Level
 Freeze                   Ice            0%         1d3       100%        1
 Kiss of Death            Conj/Necr      0%         2d5       100%        1
 Magic Dart               Conj           0%         1d3       100%        1
 Necrotise                Necr           0%         1d4       100%        1
 Shock                    Conj/Air       0%         1d3       100%        1
 Sting                    Conj/Alch      0%         1d3       100%        1
 Blink                    Tloc           0%         N/A       100%        2
 Cigotuvi's Dreadful Rot  Necr/Alch/Air  0%         N/A       100%        2
 Mercury Vapours          Alch/Air       0%         N/A       100%        2
 Confusing Touch          Hex            0%         N/A       100%        3
 Dazzling Flash           Conj/Hex       0%         N/A       100%        3
 Frozen Ramparts          Ice            0%         1d1       100%        3
 Hailstorm                Conj/Ice       0%         3d5       100%        3
 Vampiric Draining        Necr           0%         2d6       100%        3
 Volatile Blastmotes      Fire/Tloc      0%         2d10      100%        3
 Airstrike                Air            0%         2d(0-16)  100%        4
 Dispel Undead            Necr           0%         3d6       100%        4
 Fulminant Prism          Conj/Alch      0%         3d5       100%        4
 Ignite Poison            Fire/Alch      0%         N/A       100%        4
 Iskenderun's Mystic Bla  Conj/Tloc      0%         2d3       100%        4
 Olgreb's Toxic Radiance  Alch           0%         N/A       100%        4
 Passage of Golubria      Tloc           0%         N/A       100%        4
 Vhi's Electric Charge    Tloc/Air       0%         N/A       100%        4
 Alistair's Intoxication  Alch           0%         N/A       100%        5
 Arcjolt                  Conj/Air       0%         1d10      100%        5
 Borgnjor's Vile Clutch   Necr/Erth      0%         N/A       100%        5
 Curse of Agony           Necr           0%         N/A       100%        5
 Freezing Cloud           Conj/Ice/Air   0%         6-21      100%        5
 Silence                  Hex/Air        0%         N/A       100%        5
 Eringya's Noxious Bog    Alch           0%         4d6       100%        6
 Plasma Beam              Fire/Air       0%         2x1d10    100%        6
 Starburst                Conj/Fire      0%         6d3       100%        6
 Lehudib's Crystal Spear  Conj/Erth      0%         10d2      100%        8
 Maxwell's Capacitive Co  Air            0%         ∞         100%        8
 Call Imp                 Summ           Unusable   N/A       N/A         2
 Martyr's Knell           Necr/Summ      Unusable   N/A       N/A         4
 Dragon's Call            Summ           Unusable   N/A       N/A         9

Dungeon Overview and Level Annotations

Branches:
Dungeon (15/15)            Temple (1/1) D:7            Lair (5/5) D:8
 Shoals (4/4) Lair:3       Spider (4/4) Lair:2        Slime (0/5) Lair:5
    Orc (2/2) D:11            Elf (0/3) Orc:2        Vaults (2/5) D:13
 Depths (0/4) D:15        Volcano (visited)
  Crypt: Vaults:2-3

Altars:
Ashenzari
Cheibriados
Dithmenos
Elyvilon
Fedhas
Gozag
Hepliaklqana
Kikubaaqudgha
Makhleb
Nemelex Xobeh
Okawaru
Qazlal
Ru
Sif Muna
Trog
Uskayaw
Vehumet
Wu Jian
Xom
Yredelemnul
Zin
The Shining One
Jiyva

Shops:
D:6 ?   D:7 *((!   D:15 *   Orc:2 *[(=*

Annotations:
D:3 Grinder
D:6 1 runed translucent door, Crazy Yiuf
D:13 5 runed translucent doors
D:15 1 runed translucent door
Lair:3 1 runed translucent door, Athor's ghost, journeyman FeFi
Shoals:3 1 runed translucent door, Heezod's ghost, journeyman MiBe


Innate Abilities, Weirdness & Mutations

You have a pair of horns on your head.
You reflexively headbutt those who attack you in melee.


Message History

You slash the crystal guardian!
You headbutt the crystal guardian, but do no damage.
The crystal guardian is heavily damaged.
The crystal guardian hits you but does no damage.
You slash the crystal guardian!
You headbutt the crystal guardian, but do no damage.
The crystal guardian is severely damaged.
The yaktaur captain shoots a bolt.
You block the bolt.
You hit the crystal guardian but do no damage.
You headbutt the crystal guardian.
The crystal guardian is almost destroyed.
The crystal guardian hits you!
An ironbound frostheart comes into view.
The yaktaur captain shoots a bolt.
The bolt hits you.
You hit the crystal guardian but do no damage.
You headbutt the crystal guardian, but do no damage.
The crystal guardian is severely damaged.
You block the crystal guardian's attack.
The yaktaur captain shoots a bolt.
The bolt hits you!
You hear a shout!
You hit the crystal guardian but do no damage.
The crystal guardian is severely damaged.
The crystal guardian fires a crystalline bolt at you.
The crystal bolt freezes you!!!
* * * LOW HITPOINT WARNING * * *
The yaktaur captain shoots a bolt.
You block the bolt.
You hear a shout!
Blink to where?
Press: ? - help, Dir - move target
As you read the scroll of blinking, it crumbles to dust.
You feel much better.
Throw: 20 javelins (silver)
Press: ? - help, Shift-Dir - straight line, f - crystal guardian
Aim: a crystal guardian (severely damaged, strong, 98% to hit)
You throw a silver javelin.
The silver javelin pierces through the crystal guardian but does no damage.
The crystal guardian is severely damaged.
The crystal guardian fires a crystalline bolt at you.
The crystal bolt freezes you!!!
You die...

#... #..... #.... #..... #..c
#..... #.. #..... #.# #.....
##########'###############.....
.............................[)
..!...(........................
.......(9.....@................
...............................
###############################


You could see a crystal guardian (strong).

Vanquished Creatures
  Arachne (Spider:2)
  2 krakens
  Gastronok (Orc:1)
  A fenstrider witch (Shoals:2)
  Donald (Spider:2)
  Aizul (Spider:2)
  4 ghost moths
  10 emperor scorpions
  A vault warden (Vaults:1)
  An orc warlord (Orc:2)
  2 ironbound preservers (Vaults:1)
  2 formless jellyfish (Shoals:4)
  A broodmother (Spider:3)
  3 dire elephants (Lair:5)
  Azrael (Spider:3)
  A spark wasp (Spider:4)
  4 merfolk javelineers
  An entropy weaver (Spider:4)
  2 ettins (Orc:2)
  8 merfolk impalers
  A peacekeeper (Vaults:1)
  3 vault guards
  Erolcha (Orc:1)
  3 radroaches
  6 hydras
  3 alligator snapping turtles
  3 ogre magi
  2 ironbound frosthearts (Vaults:1)
  2 catoblepae
  6 merfolk avatars
  4 jorogumos
  3 merfolk aquamancers
  7 centaur warriors
  8 two-headed ogres
  A deep troll shaman (Lair:5)
  A death knight (D:15)
  5 satyrs
  A tengu warrior (D:14)
  An orc high priest (Orc:2)
  2 boulder beetles
  9 demonic crawlers
  A deep troll earth mage (D:15)
  15 death yaks
  A hell knight (Volcano)
  Nergalle (Lair:1)
  3 skysharks
  13 sea snakes
  Lodul (D:14)
  2 fire crabs (Lair:5)
  8 pharaoh ants
  9 orb spiders
  11 arcanists
  6 deep trolls (Vaults:1)
  5 skeletal warriors
  3 sun moths
  A lindwurm (shapeshifter) (D:14)
  8 steelbarb worms
  3 harpies (Vaults:1)
  7 orc knights
  6 lindwurms (Vaults:1)
  A deep elf pyromancer (D:11)
  A kraken simulacrum (Shoals:4)
  A necromancer (D:13)
  21 wolf spiders
  4 orc sorcerers
  16 fauns
  37 ugly things
  A moth of wrath (Spider:2)
  9 cyclopes
  16 merfolk sirens
  17 manticores
  Maurice (D:11)
  2 meliai (D:12)
  10 black mambas
  2 vault sentinels (Vaults:1)
  2 kobold blastminers (Orc:2)
  18 elephants
  2 gargoyles
  3 water nymphs
  3 torpor snails
  5 cane toads
  10 rime drakes
  An unseen horror (D:10)
  A tengu conjurer (D:11)
  A yaktaur (Volcano)
  5 komodo dragons
  A troll (shapeshifter) (D:13)
  A hornet (D:10)
  9 trolls
  28 merfolk
  10 wind drakes
  5 polar bears
  19 tarantellas
  Prince Ribbit (D:6)
  5 blink frogs
  23 dream sheep
  8 snapping turtles
  2 shadows
  15 slime creatures
  22 culicivoras
  38 jumping spiders
  2 centaur simulacra
  12 water elementals
  3 wraiths
  A vampire (D:10)
  46 yaks
  6 wyverns
  18 humans (D:13)
  5 fire elementals (Spider:3)
  2 wargs
  4 steam dragons
  3 basilisks
  53 redbacks
  11 vampire mosquitoes
  A swamp worm (shapeshifter) (D:14)
  2 acid dragons (D:12)
  17 water moccasins
  A hell hound (Spider:3)
  A sky beast (D:6)
  2 laughing skulls (D:14)
  39 orc warriors
  An ice beast (D:7)
  5 black bears
  23 wolves
  5 boggarts (D:11)
  14 ogres
  5 centaurs
  A phantom (D:7)
  2 kobold brigands
  2 gnoll sergeants
  A scorpion (Lair:5)
  14 bullfrogs
  7 wights
  10 killer bees
  3 howler monkeys
  2 hounds (D:4)
  A jelly (D:3)
  A gnoll bouda (D:3)
  20 orc priests
  An iguana (D:6)
  Natasha (twice) (D:2)
  24 orc wizards
  18 gnolls
  7 adders
  4 ufetubi
  An adder skeleton (D:2)
  2 ribbon worms
  62 orcs
  A spectral bat (D:2)
  A bat skeleton (D:2)
  A bat zombie (D:2)
  3 giant cockroaches
  15 goblins
  8 hobgoblins
  2 quokkas
  4 ball pythons
  A ball python skeleton (D:2)
  A ball python zombie (D:2)
  3 bats
  A frilled lizard (D:1)
  16 kobolds
  4 rats
  4 tentacles
1133 creatures vanquished.

Vanquished Creatures (others)
  An orc priest (Orc:1)
  An orc wizard (D:9)
  An orc (D:11)
  8 tentacles
11 creatures vanquished.

Grand Total: 1144 creatures vanquished

Notes
Turn   | Place    | Note
-------+----------+-------------------------------------------
     0 | D:1      | gohu the Minotaur Fighter began the quest for the Orb.
     0 | D:1      | Reached XP level 1. HP: 19/19 MP: 0/0
   355 | D:1      | Reached skill level 3 in Axes
   516 | D:1      | Reached XP level 2. HP: 23/26 MP: 1/1
   976 | D:3      | Noticed Grinder
  1136 | D:2      | Reached skill level 4 in Axes
  1279 | D:2      | Reached XP level 3. HP: 31/31 MP: 2/2
  1418 | D:2      | Noticed Natasha
  1426 | D:2      | Killed Natasha
  1427 | D:2      | Reached skill level 5 in Axes
  1434 | D:2      | Identified the +6 dagger "Dohican" {pain, Int+5}
  1555 | D:2      | Noticed Natasha
  1567 | D:2      | Killed Natasha
  1568 | D:2      | Reached XP level 4. HP: 30/39 MP: 3/3
  1687 | D:5      | Entered Level 5 of the Dungeon
  1708 | D:4      | Reached skill level 6 in Axes
  1839 | D:4      | Reached XP level 5. HP: 45/45 MP: 4/4
  2405 | D:4      | Reached skill level 7 in Axes
  2824 | D:5      | Noticed a water moccasin
  2836 | D:5      | Killed a water moccasin
  2837 | D:5      | Reached skill level 8 in Axes
  2837 | D:5      | Reached XP level 6. HP: 16/51 MP: 5/5
  2993 | D:6      | Noticed a sky beast
  2997 | D:6      | Killed a sky beast
  3014 | D:6      | Reached skill level 9 in Axes
  3027 | D:6      | Found Qeq Feur's Magic Scroll Boutique.
  3028 | D:6      | Found a burning altar of Makhleb.
  3103 | D:5      | Reached XP level 7. HP: 30/57 MP: 6/6
  3338 | D:6      | Found a runed translucent door.
  3339 | D:6      | Noticed Crazy Yiuf
  3836 | D:6      | Bought a scroll of blinking for 97 gold pieces
  4126 | D:6      | Noticed Prince Ribbit
  4141 | D:6      | Reached skill level 10 in Axes
  4141 | D:6      | Reached skill level 1 in Throwing
  4149 | D:6      | Killed Prince Ribbit
  4374 | D:6      | Found a hazy altar of Hepliaklqana.
  4375 | D:6      | Found a shadowy altar of Dithmenos.
  4376 | D:6      | Noticed a shadow
  4637 | D:6      | Reached skill level 11 in Axes
  4637 | D:6      | Reached XP level 8. HP: 43/64 MP: 7/7
  4875 | D:7      | Found Ashroaf's Antique Weapon Shop.
  4875 | D:7      | Found a staircase to the Ecumenical Temple.
  4910 | D:7      | Found a bloodstained altar of Trog.
  4951 | D:7      | Found Cuoqoikais's Distillery.
  4966 | D:7      | Bought a potion of curing for 36 gold pieces
  4966 | D:7      | Bought a potion of heal wounds for 60 gold pieces
  5062 | D:7      | Reached skill level 12 in Axes
  5065 | D:7      | Found a basalt altar of Yredelemnul.
  5155 | Temple   | Entered the Ecumenical Temple
  5168 | Temple   | Became a worshipper of Warmaster Okawaru
  5346 | D:7      | Found Dihushruzo's Antique Weapon Boutique.
  5448 | D:7      | Found a glowing golden altar of the Shining One.
  5476 | D:7      | Found Wiwaasoe's General Store.
  5485 | D:7      | Bought a scroll of identify for 20 gold pieces
  5807 | D:3      | Found a sacrificial altar of Ru.
  6745 | D:8      | Reached skill level 13 in Axes
  6941 | D:8      | Reached * piety under Okawaru
  6942 | D:8      | Reached XP level 9. HP: 52/71 MP: 8/8
  7141 | D:8      | Paralysed by an orc warrior for 5 turns
  7154 | D:8      | Reached skill level 5 in Armour
  7354 | D:8      | Reached ** piety under Okawaru
  7551 | D:8      | Reached skill level 5 in Fighting
  7940 | D:8      | Reached *** piety under Okawaru
  8226 | D:8      | Noticed a death yak
  8237 | D:8      | Killed a death yak
  8238 | D:8      | Reached XP level 10. HP: 76/84 MP: 6/9
  8241 | D:8      | Found a staircase to the Lair.
  9000 | D:8      | Reached **** piety under Okawaru
  9015 | D:9      | Reached skill level 1 in Invocations
  9073 | D:8      | Reached skill level 10 in Armour
  9094 | D:8      | Reached skill level 5 in Shields
  9501 | D:9      | Found a white marble altar of Elyvilon.
  9545 | D:9      | Found an ancient bone altar of Kikubaaqudgha.
  9657 | D:10     | Entered Level 10 of the Dungeon
  9657 | D:10     | Noticed a two-headed ogre
  9709 | D:7      | Bought a +0 morningstar for 40 gold pieces
  9709 | D:7      | Bought a scroll of identify for 20 gold pieces
  9753 | D:6      | Bought a scroll of teleportation for 39 gold pieces
  9794 | Lair:1   | Entered Level 1 of the Lair of Beasts
  9794 | Lair:1   | Noticed an elephant
  9800 | Lair:1   | Noticed an elephant
  9802 | Lair:1   | Noticed an elephant
  9808 | Lair:1   | Killed an elephant
  9809 | Lair:1   | Noticed an elephant
  9809 | Lair:1   | Noticed an elephant
  9817 | Lair:1   | Killed an elephant
  9818 | Lair:1   | Noticed an elephant
  9825 | Lair:1   | Reached ***** piety under Okawaru
  9831 | Lair:1   | Reached skill level 1 in Dodging
  9831 | Lair:1   | Killed an elephant
  9847 | Lair:1   | Killed an elephant
  9848 | Lair:1   | Killed an elephant
  9849 | Lair:1   | Reached XP level 11. HP: 40/94 MP: 10/12
 10094 | Lair:1   | Received a gift from Okawaru
 10726 | Lair:1   | Reached skill level 14 in Axes
 11166 | Lair:1   | Reached ****** piety under Okawaru
 11173 | Lair:1   | Acquired a +2 broad axe of flaming
 11173 | Lair:1   | Received a gift from Okawaru
 11182 | Lair:1   | Acquired the +7 crystal plate armour of Pizimu {Rampage
                  | rPois rF+}
 11182 | Lair:1   | Received a gift from Okawaru
 11512 | D:6      | Bought a scroll of enchant weapon for 97 gold pieces
 11578 | Lair:2   | Noticed a death yak
 11580 | Lair:2   | Noticed a death yak
 11581 | Lair:2   | Noticed Nergalle
 11581 | Lair:2   | Noticed a death yak
 11587 | Lair:2   | Killed a death yak
 11596 | Lair:1   | Killed Nergalle
 11610 | Lair:2   | Killed a death yak
 11616 | Lair:2   | Killed a death yak
 11957 | Lair:2   | Found a hole to the Spider Nest.
 12062 | Lair:2   | Reached skill level 15 in Axes
 12062 | Lair:2   | Reached XP level 12. HP: 81/105 MP: 14/14
 12288 | Lair:2   | Received a gift from Okawaru
 12294 | Lair:2   | Reached skill level 10 in Fighting
 12544 | Lair:2   | Reached skill level 16 in Axes
 12952 | Lair:3   | Found a staircase to the Shoals.
 13300 | Lair:3   | Found a radiant altar of Vehumet.
 13326 | Lair:3   | Reached skill level 17 in Axes
 13361 | Lair:3   | You fall into a shaft and drop 1 floor!
 13370 | Lair:4   | Received a gift from Okawaru
 13495 | Lair:5   | Entered Level 5 of the Lair of Beasts
 13712 | Lair:4   | Identified the +0 ring mail "Reatap" {*Corrode rElec SInv}
 13824 | Lair:4   | Noticed a seven-headed hydra
 13835 | Lair:4   | Killed a five-headed hydra
 14359 | Lair:5   | Reached XP level 13. HP: 111/115 MP: 15/15
 14430 | Lair:5   | Got the Quarto of Illusion and the Lungs
 14458 | Lair:5   | Reached skill level 18 in Axes
 14811 | Lair:5   | Received a gift from Okawaru
 14870 | Lair:5   | Found a viscous altar of Jiyva.
 14872 | Lair:5   | Found a staircase to the Slime Pits.
 15318 | Lair:5   | Received a gift from Okawaru
 15742 | Lair:5   | Noticed a dire elephant
 15758 | Lair:5   | Killed a dire elephant
 15758 | Lair:5   | Received a gift from Okawaru
 15888 | Lair:5   | Reached skill level 10 in Shields
 16001 | Lair:5   | Noticed a dire elephant
 16001 | Lair:5   | Noticed a dire elephant
 16016 | Lair:5   | Killed a dire elephant
 16023 | Lair:5   | Reached XP level 14. HP: 97/130 MP: 9/16
 16044 | Lair:5   | Identified the staff "Sujif Afru" {rElec rN+ Will+ Str+3
                  | Air}
 16455 | D:10     | Received a gift from Okawaru
 16717 | D:10     | Reached skill level 15 in Armour
 16944 | D:10     | Found the +3 warlock's mirror {omnireflect}
 16952 | D:10     | Reached skill level 5 in Invocations
 16958 | D:10     | Reached skill level 1 in Evocations
 17107 | D:6      | Bought a scroll of identify for 26 gold pieces
 17107 | D:6      | Bought a scroll of enchant armour for 97 gold pieces
 17107 | D:6      | Bought a scroll of enchant weapon for 97 gold pieces
 17107 | D:6      | Bought 2 scrolls of identify for 52 gold pieces
 17115 | D:6      | Identified 2 scrolls of acquirement
 17161 | D:7      | Bought a potion of haste for 120 gold pieces
 17161 | D:7      | Bought a potion of heal wounds for 60 gold pieces
 17162 | D:7      | Acquired the ring "Yngitos" {^Drain rPois rN++ rCorr SInv}
 17166 | D:7      | Acquired a manual of Axes
 17706 | D:11     | Noticed Maurice
 17723 | D:11     | Killed Maurice
 17723 | D:11     | Received a gift from Okawaru
 17802 | D:11     | Found a staircase to the Orcish Mines.
 18100 | D:11     | Reached skill level 5 in Throwing
 18134 | D:11     | Identified the amulet "Tosipoa" {Spirit Dex+5}
 18210 | D:11     | Received a gift from Okawaru
 18557 | D:13     | Noticed an emperor scorpion
 18557 | D:13     | Found a runed translucent door.
 18557 | D:13     | Found a runed translucent gate.
 18559 | D:13     | Found a runed translucent gate.
 18798 | D:12     | Identified the +10 dagger of the Hammering Augurer {freeze,
                  | ^Fragile rN++ Dex+2 Stlth+}
 19704 | D:13     | Reached skill level 19 in Axes
 19782 | D:13     | Received a gift from Okawaru
 20077 | D:13     | Reached skill level 15 in Fighting
 20122 | D:13     | Found a gate to the Vaults.
 20130 | D:13     | Received a gift from Okawaru
 20131 | D:13     | Reached XP level 15. HP: 133/141 MP: 15/18
 20226 | D:13     | Found a runed translucent gate.
 20230 | D:13     | Noticed an emperor scorpion
 20236 | D:13     | Found a runed translucent door.
 20258 | D:13     | Found the +9 staff of Olgreb {rPois∞}
 21088 | D:14     | Reached skill level 20 in Axes
 21168 | D:15     | Entered Level 15 of the Dungeon
 21186 | D:14     | Received a gift from Okawaru
 21778 | D:14     | Noticed Lodul
 21803 | D:14     | Reached skill level 5 in Evocations
 21804 | D:14     | Killed Lodul
 22223 | D:15     | Found a runed translucent door.
 22224 | D:15     | Noticed a storm dragon
 22599 | D:15     | Found a staircase to the Depths.
 22641 | D:15     | Reached skill level 21 in Axes
 22936 | D:15     | Received a gift from Okawaru
 23435 | D:15     | Found Gantac's Elemental Accessories.
 23495 | D:15     | Reached skill level 22 in Axes
 23507 | D:15     | Bought a wand of roots (2) for 62 gold pieces
 23773 | Orc:1    | Entered Level 1 of the Orcish Mines
 23928 | Orc:1    | Noticed Erolcha
 23933 | Orc:1    | Noticed Gastronok
 23939 | Orc:1    | Killed Erolcha
 23939 | Orc:1    | Received a gift from Okawaru
 23950 | Orc:1    | Killed Gastronok
 24113 | Orc:2    | Entered Level 2 of the Orcish Mines
 24120 | Orc:2    | Found Boteys's General Store.
 24277 | Orc:2    | Found a dark tunnel.
 24282 | Volcano  | Entered a volcano
 24459 | Volcano  | Reached XP level 16. HP: 133/152 MP: 17/20
 24699 | Orc:2    | Found Pyuc's Assorted Antiques.
 25406 | Orc:2    | Received a gift from Okawaru
 25684 | Orc:2    | Found a staircase to the Elven Halls.
 25902 | Orc:2    | Bought a scroll of teleportation for 39 gold pieces
 25902 | Orc:2    | Bought a potion of curing for 39 gold pieces
 25902 | Orc:2    | Bought a potion of haste for 130 gold pieces
 25911 | Orc:2    | Found Nicine's Jewellery Shop.
 25927 | Orc:2    | Found Rasinna's Antique Armour Shop.
 25943 | Orc:2    | Found Ifannami's Antique Weapon Shop.
 26246 | Spider:1 | Entered Level 1 of the Spider Nest
 26266 | Spider:1 | Reached skill level 23 in Axes
 26556 | Spider:2 | Noticed Arachne
 27012 | Spider:1 | Received a gift from Okawaru
 27738 | Spider:2 | Noticed Donald
 27757 | Spider:2 | Killed Donald
 27950 | Spider:2 | Killed Arachne
 27950 | Spider:2 | Received a gift from Okawaru
 28106 | Spider:2 | Identified the +1 war axe of Balance {drain, +Blink MP+9
                  | Int+5}
 28252 | Spider:2 | Identified the serpent talisman of Pride {Int+3 Dex+3 SInv}
 28252 | Spider:2 | Noticed Aizul
 28265 | Spider:2 | Killed Aizul
 28791 | Spider:4 | Entered Level 4 of the Spider Nest
 29053 | Spider:3 | Reached XP level 17. HP: 158/166 MP: 19/21
 29302 | Spider:3 | Noticed Azrael
 29314 | Spider:3 | Killed Azrael
 29361 | Spider:3 | Identified the +1 chain mail "Reff" {rPois Slay+3}
 29636 | Spider:3 | Received a gift from Okawaru
 30805 | Spider:4 | Received a gift from Okawaru
 31214 | Spider:4 | Got a gossamer rune of Zot
 32072 | Lair:3   | Found a runed translucent door.
 32072 | Lair:3   | Found a shimmering altar of Xom.
 32072 | Lair:3   | Noticed Athor's ghost (journeyman FeFi)
 32072 | Lair:3   | Identified the +10 long sword "Bezxah" {chaos, rF+ rN+}
 32451 | Shoals:1 | Entered Level 1 of the Shoals
 32767 | Shoals:1 | Received a gift from Okawaru
 33551 | Shoals:2 | Reached XP level 18. HP: 178/178 MP: 22/22
 34136 | Shoals:2 | Received a gift from Okawaru
 34157 | Shoals:2 | Identified the +0 chain mail "Voifye" {rElec Int+2}
 34582 | Shoals:3 | Found a runed translucent door.
 34583 | Shoals:3 | Noticed Heezod's ghost (journeyman MiBe)
 35657 | Shoals:4 | Entered Level 4 of the Shoals
 35794 | Shoals:4 | Reached skill level 15 in Shields
 35807 | Shoals:4 | Received a gift from Okawaru
 36322 | Shoals:4 | Identified the +0 plate armour of the Spider Nest {Harm
                  | rPois Dex+3 Stlth+}
 36616 | Shoals:4 | Received a gift from Okawaru
 37218 | Shoals:4 | Got a barnacled rune of Zot
 37541 | Vaults:1 | Entered Level 1 of the Vaults
 37620 | Vaults:1 | Received a gift from Okawaru
 37665 | Vaults:1 | Reached XP level 19. HP: 172/191 MP: 21/23
 37970 | Vaults:1 | Killed from afar by a crystal guardian

Illustrated notes

Levels and vault maps discovered:
D:1:      sevenhm_arrival_forest_fort_large_4, layout_loops_ring,
          corexii_corridor_pit
D:2:      kennysheep_the_goblin_king, layout_rooms, dilly_guarded_unrand_morg
D:3:      layout_loops_ring, nicolae_ru_path_of_blood, uniq_grinder
D:4:      layout_basic, kennysheep_generic_room_2
D:5:      layout_cave_pools, sigmund_army
D:6:      layout_rooms, riverfiend_overflow_shadow_ancestor, lemuel_round_altar,
          serial_co_window_serial, co_window_of_opportunity_a,
          co_window_paths_b, co_window_of_opportunity_a, co_window_paths_a,
          co_window_paths_a, co_window_of_opportunity_b,
          co_window_of_opportunity_c, co_window_corner_ca, co_window_broadway_b,
          co_window_corner_b, co_window_4corner_b, glass_columns_a,
          glass_columns_b, serial_shops, shop, uniq_crazy_yiuf_cottage,
          uniq_prince_ribbit1
D:7:      layout_basic, mainiacjoe_overflow_24_doors, general_overflow_altar,
          old_standard_altar, minmay_temple_entry_glass, serial_shops, shop,
          nicolae_shop_crystal, nicolae_shop_pleasant_corner_grove,
          nicolae_stop_n_shop_2
D:8:      layout_basic, david_lair_generic
D:9:      layout_rooms, lemuel_doored_altar, kiku_gazebo_pond_becter
D:10:     minmay_smoke_and_mirrors, layout_rooms
D:11:     minmay_the_grid_triangle_9x9_recursive_2
          [minmay_the_grid_triangle_9x9_prize_schism,
          minmay_the_grid_triangle_9x9_limited_checkers,
          minmay_the_grid_triangle_9x9_cache,
          minmay_the_grid_triangle_9x9_negative_grid], layout_loops_ring,
          david_orc_4, uniq_maurice
D:12:     layout_long_grid, eino_jars
D:13:     layout_long_grid, grunt_vaults_entry_tiered, serial_co_window_serial,
          co_window_corner_a, co_window_corner_a, co_window_corner_a,
          co_window_paths_a, co_window_of_opportunity_a, co_window_corner_a,
          co_window_broadway_b, co_window_broadway_b, co_window_paths_c,
          co_window_corner_ca, co_window_corner_cb, co_window_paths_c,
          co_window_of_opportunity_b, glass_columns_c, glass_columns_a,
          minmay_guarded_unrand_staff_of_olgreb
D:14:     layout_loops_ring, uniq_lodul
D:15:     hellmonk_depths_entry_around_the_bend, layout_basic,
          minmay_misc_feat_pillars, minmay_st_funbox, nicolae_elemental_shop
Temple:   dshaligram_water_room_temple
Lair:1:   layout_gridlike, infiniplex_staircase_pool_2, serial_bayou_shore_b,
          serial_bayou_shore_b
Lair:2:   layout_regular_city, spider_nest_entry_web_field, uniq_nergalle
Lair:3:   wad_woods_stonehenge, layout_regular_city, elwin_shoals_entry_rocks,
          ebering_ghost_xom
Lair:4:   layout_small_grid, grunt_forest_stairs_basic
Lair:5:   grunt_lair_end_beastmaster, layout_misc_corridors,
          dpeg_slime_entry_corner, serial_forest,
          infiniplex_forest_lined_corner, infiniplex_forest_lined_2,
          infiniplex_forest_straight_2, infiniplex_forest_lined_3,
          infiniplex_forest_straight_2, infiniplex_forest_end_1,
          infiniplex_forest_clump_curved, infiniplex_forest_end_1,
          infiniplex_forest_clump_cross, infiniplex_forest_diagonal,
          nicolae_lair_lakeside_cave
Shoals:1: layout_shoals, nicolae_shoals_nautilus_by_nature,
          nicolae_shoals_lost_giant_amphitheater
Shoals:2: cheibrodos_shoals_baths, layout_shoals,
          nicolae_shoals_beach_house_on_fowls_legs
Shoals:3: layout_shoals, gammafunk_ghost_grave, nicolae_shoals_songs
Shoals:4: shoals_end_grunt_ice, layout_shoals, nicolae_shoals_drake_roost
Spider:1: nicolae_spider_mines_1, nicolae_spider_world_wide_web
Spider:2: layout_spider_delve, uniq_donald, uniq_aizul, uniq_arachne
Spider:3: layout_spider_delve, guppyfry_spider_mini_1, uniq_azrael
Spider:4: grunt_spider_rune_circles
Orc:1:    layout_caves, uniq_erolcha, uniq_gastronok
Orc:2:    grunt_orc_cross, layout_caves, basic_altar,
          nicolae_volcano_entry_s_turn, serial_shops,
          nicolae_shop_overgrown_old_shop, nicolae_orc_damp_corner
Vaults:1: nicolae_vaults_cornered_office, vaults_room_hallway,
          nicolae_vaults_closet_pinwheel_3, vaults_mumra_hexcomb, v_misc_11,
          nicolae_vaults_angled_halls, nicolae_vaults_mini_display_case,
          vaults_dpeg_emergency_exit, layout_vaults_omnigrid, serial_shops, shop
Vaults:2: hangedman_vaults_slither, nicolae_vaults_wine_cellar,
          nicolae_vaults_ring_of_whatevers, nicolae_vaults_tetromino_L_1,
          ontoclasm_vaults_ring_square, nicolae_vaults_angled_halls,
          minmay_crypt_entry_nasty_monster, nicolae_vaults_house_2,
          vaults_room_semicircle, nicolae_vaults_border_crossing,
          layout_vaults_chaotic_city, uniq_margery

Skill      XL: |  1  2  3  4  5  6  7  8  9 10 11 12 13 14 15 16 17 18 19 |
---------------+----------------------------------------------------------+-----
Axes           | 3 4 5 6 8 9 11 13 15 17 18 19 22 23 | 23.7
Throwing       | 1 3 4 5 6 |  6.7
Armour         | 4 9 12 13 14 15 16 17 18 19 | 19.6
Fighting       | 6 8 9 10 13 15 16 18 20 22 | 22.1
Shields        | 4 5 6 7 10 11 13 15 16 | 16.1
Invocations    | 2 4 6 7 |  7.7
Dodging        | 1 |  1.1
Evocations     | 4 5 |  5.0

Action                     |  1- 3 |  4- 6 |  7- 9 | 10-12 | 13-15 | 16-18 | 19-21 || total
---------------------------+-------+-------+-------+-------+-------+-------+-------++-------
  Melee: War axe           |    78 |    87 |   213 |   232 |       |       |       ||   610
         Headbutt          |    10 |    12 |    47 |    99 |   238 |   390 |    13 ||   809
         Broad axe         |       |       |       |   235 |   958 |  1429 |    36 ||  2658
  Throw: Dart              |       |    11 |    41 |     6 |       |       |       ||    58
         Boomerang         |       |       |       |    27 |    22 |    37 |       ||    86
         Javelin           |       |       |       |       |     5 |       |     1 ||     6
 Invoke: Heroism           |       |       |     1 |     5 |     5 |    13 |       ||    24
         Receive Weapon    |       |       |       |     1 |       |       |       ||     1
         Receive Armour    |       |       |       |     1 |       |       |       ||     1
         Finesse           |       |       |       |       |     1 |     3 |       ||     4
  Evoke: Wand              |       |       |       |     1 |       |       |       ||     1
    Use: Potion            |       |     7 |       |       |       |       |     1 ||     8
         Scroll            |       |       |     3 |     3 |    20 |     1 |     1 ||    28
   Stab: Paralysed         |       |       |       |     2 |     1 |       |       ||     3
 Armour: Scale mail        |    55 |    58 |    97 |       |       |       |       ||   210
         Plate armour      |       |       |    56 |   270 |       |       |       ||   326
         Crystal plate arm |       |       |       |   174 |   590 |  1087 |    45 ||  1896
  Dodge: Dodged            |    42 |    38 |    72 |   126 |   139 |   269 |    13 ||   699
  Block: Buckler           |    23 |    17 |    47 |   189 |   350 |   630 |     6 ||  1262
         Reflection        |       |       |       |       |    25 |    72 |       ||    97
         Tower shield      |       |       |       |       |       |       |     7 ||     7
